 Dungeon Crawl Stone Soup version 0.19.4-10-g532645f (webtiles) character file.

27 empire the Conjurer (level 2, -1/11 HPs)
             Began as a Felid Conjurer on Feb 23, 2017.
             Slain by an adder (3 damage)
             ... on level 2 of the Dungeon.
             The game lasted 00:03:00 (1292 turns).

empire the Conjurer (Felid Conjurer)                Turns: 1292, Time: 00:03:01

Health: -1/11      AC:  1    Str:  4    XL:     2   Next: 93%
Magic:  0/6        EV: 18    Int: 16    God:
Gold:   49         SH:  0    Dex: 16    Spells: 1 memorised, 4 levels left
                                        Lives:  0   Deaths: 0

rFire  . . .     SeeInvis +     (weapon unavailable)
rCold  . . .     Gourm    .     (armour unavailable)
rNeg   . . .     Faith    .     (shield unavailable)
rPois  .         Spirit   .     (helmet unavailable)
rElec  .         Reflect  .     (cloak unavailable)
rCorr  .         Harm     .     (gloves unavailable)
MR     .....                    (boots unavailable)
Stlth  +++.......               (no amulet)
                                (no ring)
                                (no ring)

@: quick
A: no armour, no weapons or thrown items, stealth, claws 1, fangs 3, see
invisible, carnivore 3, speed 1, shaggy fur 1, slow metabolism 1, sharp paws
a: no special abilities


You were on level 2 of the Dungeon.
You were not hungry.

You visited 1 branch of the dungeon, and saw 2 of its levels.

You collected 49 gold pieces.

Inventory:

Scrolls
 c - a scroll of immolation {unknown}
 d - a scroll of blinking {unknown}
 e - a scroll of remove curse {unknown}
 f - a scroll of identify {unknown}
 g - 2 scrolls of enchant armour {unknown}
 k - a scroll of fog {unknown}
Potions
 h - a potion of cancellation {unknown}
 i - a potion of brilliance {unknown}
 j - a potion of invisibility {unknown}
Books
 a - a book of Conjurations

   Spells                             Type                      Level
   a - Magic Dart                     Conjuration                  1
   b - Searing Ray                    Conjuration                  2
   c - Dazzling Spray                 Conjuration/Hexes            3
   d - Fulminant Prism                Conjuration/Hexes            4
   e - Iskenderun's Mystic Blast      Conjuration                  4
   f - Iskenderun's Battlesphere      Conjuration/Charms           5
Comestibles
 b - a meat ration


   Skills:
 - Level 2.6 Dodging
 + Level 3.4 Stealth
 + Level 2.3 Spellcasting
 + Level 4.0 Conjurations


You had 4 spell levels left.
You knew the following spells:

 Your Spells              Type           Power        Failure   Level  Hunger
a - Magic Dart            Conj           ##..         4%          1    #......


Dungeon Overview and Level Annotations

Branches:
Dungeon (2/15)

Altars:


Innate Abilities, Weirdness & Mutations

You cannot wear armour.
You are incapable of wielding weapons or throwing items.
Your paws allow you to move quietly. (Stealth)
You have sharp claws.
You have razor-sharp teeth.
You have supernaturally acute eyesight. (SInv)
You are carnivorous and can eat meat at any time.
You cover ground quickly.
You are covered in fur. (AC +1)
You have a slow metabolism.
Your sharp claws are effective at attacking unaware monsters.


Message History

The worm is moderately wounded.
Casting: Magic Dart
Confirm with . or Enter, or press ? or * to list all spells.
Aiming: Magic Dart
Press: ? - help, Shift-Dir - straight line, f/p - worm
Aim: a worm (moderately wounded)
The magic dart hits the worm.
The worm is moderately wounded.
Your magical contamination has completely faded away.
An adder comes into view.
The adder hisses angrily.
Casting: Magic Dart
Confirm with . or Enter, or press ? or * to list all spells.
Aiming: Magic Dart
Press: ? - help, Shift-Dir - straight line, f - adder
Aim: an adder The magic dart hits the adder.
The adder is heavily wounded.
The adder bites you.
You die...

.. . .. .. .###
.. ... ....
###.####..##
... ... .......
... ##..##...#.
.. #.....S@.#.#
.#
#.####...#.##.#
##.##.#..#
#.##.#.#
#.##.#.#
#.##.#.#
#.##...#
##.##.###
##..#..#


You could see an adder.

Vanquished Creatures
  A dart slug (D:1)
  A leopard gecko (D:1)
  3 bats
  2 giant cockroaches (D:1)
  3 goblins (D:1)
  A hobgoblin (D:1)
  5 kobolds
  A quokka (D:2)
  A ball python (D:1)
  A frilled lizard (D:1)
  2 rats (D:1)
21 creatures vanquished.

Notes
Turn   | Place    | Note
-------+----------+-------------------------------------------
     0 | D:1      | empire the Felid Conjurer began the quest for the Orb.
     0 | D:1      | Reached XP level 1. HP: 7/7 MP: 4/4
   267 | D:1      | Reached XP level 2. HP: 11/11 MP: 3/6
  1116 | D:2      | Reached skill level 4 in Conjurations
  1292 | D:2      | Slain by an adder

Skill      XL: |  1  2 |
---------------+-------+-----
Stealth        | 3 |  3.4
Conjurations   | 4 |  4.0
Dodging        | |  2.6
Spellcasting   | |  2.3

Action                   || total
-------------------------++-------
Melee: Unarmed           ||    10
       Bite              ||     1
 Cast: Magic Dart        ||    49
 Stab: Sleeping          ||     1
Armor: Skin              ||     1
Dodge: Dodged            ||     8
